 Dungeon Crawl Stone Soup version 0.31-a0-977-gc230f8ef24 (webtiles) character file.

Game seed: 15880085019434417521

101133 Armakuni the Mender (level 16, -16/122 HPs)
             Began as a Human Wanderer on Oct 29, 2023.
             Was a Priest of Elyvilon.
             Killed from afar by Nikola (62 damage)
             ... with an arc of chain lightning
             ... on level 1 of the Shoals.
             The game lasted 01:22:17 (28447 turns).

Armakuni the Mender (Human Wanderer)               Turns: 28447, Time: 01:22:17

Health: -16/122    AC: 10    Str: 13    XL:     16   Next: 81%
Magic:  39/39      EV: 14    Int: 12    God:    Elyvilon [***...]
Gold:   380        SH: 15    Dex: 16    Spells: 12/17 levels left

rFire   + . .        a - +4 rapier (flame)
rCold   + + +        P - +2 shield of Resistance {rF++ rC++ Will++}
rNeg    + . .        x - +1 leather armour {rC+}
rPois   .            g - +1 helmet {SInv}
rElec   +            q - +2 cloak
rCorr   +            (no gloves)
SInv    +            C - +0 pair of boots {Fly}
Will    +....        U - amulet of faith
Stlth   +            W - ring "Bufeowke" {Wiz rC+ rN+ rCorr Slay+2}
HPRegen 0.40/turn    E - ring "Joahiwy" {Ice rElec MP+9 Str-3 Int-2}
MPRegen 0.26/turn

%: faith, wizardry (x1)
@: weak-willed, flying
A: no striking features
a: Renounce Religion, Purification, Heal Other, Heal Self


You were on level 1 of the Shoals.
You worshipped Elyvilon.
Elyvilon was most pleased with you.
You visited 5 branches of the dungeon, and saw 24 of its levels.
You visited the Abyss 1 time.

You collected 3252 gold pieces.
You spent 2872 gold pieces at shops.

Inventory:

Hand Weapons
 a - a +4 rapier of flaming (weapon)
 p - a +1 broad axe of speed
Missiles
 k - 35 boomerangs
 u - 34 poisoned darts
 z - 8 atropa-tipped darts
Armour
 g - a +1 helmet of see invisible (worn)
 q - a +2 cloak (worn)
 x - a +1 leather armour of cold resistance (worn)
 B - the +0 helmet of the Armoured One {Will+ Str+3}
   (You bought it in a shop on level 2 of the Orcish Mines)

   Str+3:     It affects your strength (+3).
   Will+:     It increases your willpower.
 C - a +0 pair of boots of flying (worn)
 P - the +2 shield of Resistance (worn) {rF++ rC++ Will++}
   (You bought it in a shop on level 4 of the Dungeon)

   rF++:      It greatly protects you from fire.
   rC++:      It greatly protects you from cold.
   Will++:    It greatly increases your willpower.
Jewellery
 E - the ring "Joahiwy" (right hand) {Ice rElec MP+9 Str-3 Int-2}
   (You bought it in a shop on level 2 of the Orcish Mines)

   [ring of ice]

   Ice:       It enhances your ice magic.
   Str-3:     It affects your strength (-3).
   Int-2:     It affects your intelligence (-2).
   rF-:       It makes you vulnerable to fire.
   rC+:       It protects you from cold.
   rElec:     It insulates you from electricity.
   MP+9:      It affects your magic capacity (+9).
 U - an amulet of faith (around neck)
 W - the ring "Bufeowke" (left hand) {Wiz rC+ rN+ rCorr Slay+2}
   (You bought it in a shop on level 2 of the Orcish Mines)

   [ring of wizardry]

   Wiz:       It improves your spell success rate.
   Slay+2:    It affects your accuracy & damage with ranged weapons and melee
   (+2).
   rC+:       It protects you from cold.
   rN+:       It protects you from negative energy.
   rCorr:     It protects you from acid and corrosion.
Wands
 r - a wand of polymorph (3)
 v - a wand of flame (59) (quivered)
Scrolls
 d - 7 scrolls of fog
 f - 5 scrolls of teleportation
 j - 3 scrolls of enchant armour
 n - 4 scrolls of vulnerability
 w - 3 scrolls of noise
 H - 3 scrolls of identify
 I - a scroll of amnesia
 L - a scroll of revelation
Potions
 i - 10 potions of curing
 o - 2 potions of enlightenment
 s - 2 potions of lignification
 A - a potion of mutation
 D - a potion of resistance
 G - a potion of ambrosia
 J - a potion of invisibility
 K - 3 potions of heal wounds
 O - a potion of magic
Miscellaneous
 c - a condenser vane
 N - a sack of spiders (inert)


   Skills:
 - Level 10.0 Fighting
 - Level 14.0 Short Blades
 - Level 3.0 Armour
 - Level 8.0 Dodging
 + Level 12.6 Shields
 - Level 1.0 Spellcasting
 - Level 1.0 Transmutations
 - Level 20.0 Invocations


You had 12 spell levels left.
You knew the following spells:

 Your Spells              Type           Power      Damage    Failure   Level
a - Apportation           Tloc           0%         N/A       32%         1
l - Lesser Beckoning      Tloc           0%         N/A       43%         2
w - Passwall              Tmut/Erth      0%         N/A       36%         2

Your spell library contained the following spells:

 Spells                   Type           Power      Damage    Failure   Level
 Magic Dart               Conj           0%         1d3       32%         1
 Necrotise                Necr           0%         1d4       32%         1
 Shock                    Conj/Air       0%         1d3       32%         1
 Summon Small Mammal      Summ           0%         N/A       32%         1
 Wereblood                Tmut           3%         N/A       32%         2
 Searing Ray              Conj           0%         2d4       43%         2
 Sublimation of Blood     Necr           0%         N/A       43%         2
 Gell's Gravitas          Tloc           0%         N/A       65%         3
 Swiftness                Air            0%         N/A       65%         3
 Teleport Other           Tloc           0%         N/A       65%         3
 Petrify                  Tmut/Erth      1%         N/A       92%         4
 Airstrike                Air            0%         2d(0-16)  95%         4
 Fulminant Prism          Conj/Hex       0%         3d5       95%         4
 Vhi's Electric Charge    Tloc/Air       0%         N/A       95%         4
 Irradiate                Conj/Tmut      0%         3d11      99%         5
 Arcjolt                  Conj/Air       0%         1d10      100%        5
 Plasma Beam              Fire/Air       0%         2x1d10    100%        6
 Maxwell's Capacitive Co  Air            0%         ∞         100%        8


Dungeon Overview and Level Annotations

Branches:
Dungeon (15/15)            Temple (0/1) D:4            Lair (5/5) D:8
 Shoals (1/4) Lair:2       Spider (1/4) Lair:3        Slime (0/5) Lair:4
    Orc (2/2) D:9             Elf (0/3) Orc:2        Vaults (0/5) D:14
 Depths (0/4) D:15

Altars:
Dithmenos
Elyvilon
Gozag
Hepliaklqana
Makhleb
Nemelex Xobeh
Okawaru
Ru
Sif Muna
Trog
Vehumet
Wu Jian
Xom
Yredelemnul
Zin
The Shining One

Shops:
D:4 [[   Orc:1 :   Orc:2 (=([(

Portals:
Abyss: Lair:4

Annotations:
D:15 2 transporters, Kaepny's ghost, journeyman SpBr
Lair:4 2 transporters, Cesoluadot's ghost, journeyman DsFi
Shoals:1 Nikola


Message History

The merfolk looks even sicker.
The merfolk is engulfed in poison gas.
The merfolk looks as sick as possible!
Nikola is engulfed in poison gas.
Nikola looks as sick as possible!
Flame seeps out of Nikola.
Aiming: Throw Flame
Press: ? - help, Q - select action, (/) - cycle Shift-Dir - straight line, f/p - Nikola
Aim: Nikola, wielding a +4 rapier of electrocution, wearing a +0 cloak and wearing a +0 pair of gloves (poison gas, heavily wounded, inner flame, extremely poisoned, weak-willed, 72% to hit)
The puff of flame misses Nikola.
Flame seeps out of Nikola.
The merfolk looks as sick as possible!
The merfolk is engulfed in poison gas.
The merfolk looks as sick as possible!
Aiming: Throw Flame
Press: ? - help, Q - select action, (/) - cycle Shift-Dir - straight line, f/p - Nikola
Aim: Nikola, wielding a +4 rapier of electrocution, wearing a +0 cloak and wearing a +0 pair of gloves (poison gas, heavily wounded, inner flame, extremely poisoned, weak-willed, 72% to hit)
The puff of flame hits Nikola.
Flame seeps out of Nikola.
Nikola is heavily wounded.
Flame seeps out of Nikola.
The merfolk is engulfed in poison gas.
The merfolk looks as sick as possible!
You block the merfolk's attack.
Nikola is engulfed in poison gas.
Nikola looks as sick as possible!
Flame seeps out of Nikola.
Nikola mumbles some strange words.
Lightning arcs from Nikola's hands!
The bolt of lightning hits you!!! You resist.
A bolt of lightning appears from out of thin air!
The bolt of lightning hits the merfolk!!
The bolt of lightning hits Nikola.
Flame seeps out of Nikola.
You hear an angry hiss. x2; You hear a shout!
Aiming: Throw Flame
Press: ? - help, Q - select action, (/) - cycle Shift-Dir - straight line, f/p - Nikola
Aim: Nikola, wielding a +4 rapier of electrocution, wearing a +0 cloak and wearing a +0 pair of gloves (poison gas, heavily wounded, inner flame, extremely poisoned, weak-willed, 72% to hit)
The puff of flame hits Nikola.
Flame seeps out of Nikola.
Nikola is heavily wounded.
Flame seeps out of Nikola.
You kill the merfolk!
You hear a splash. x2
Nikola is engulfed in poison gas.
Nikola looks as sick as possible!
Flame seeps out of Nikola.
Nikola casts a spell.
Lightning arcs from Nikola's hands!
The bolt of lightning hits you!!! You resist.
Ouch! That really hurt!
You die...

○≈≈≈○§§~○§°§§○○
☼§○○☼☼°§°○§°°§§
§°≈○~°○~°°§☼§§
§≈≈☼☼~§○°§§○## .
§≈§○○§☼§°☼§.☼#§.
≈≈≈≈☼☼☼§°°○☼§○§°☼.§.
≈≈≈≈≈§§≈§°§§§§☼°°§§§.
≈≈≈≈≈≈○☼○§°§§@§○§°§°#
≈≈≈≈≈≈○§~~°§°§°§§#####
≈≈≈≈~~§○§§@☼°○§##○##.##
≈≈≈≈~~§☼§.°§§○§##.§☼..#
≈≈≈≈~~○°§§°○§°○§....○.##
≈≈≈≈~~°°☼°°○§°§☼°......#
≈≈≈≈~~○§(####§§#○......##
≈≈≈≈~~○°°.###○☼##°......#
≈≈≈~~~~~...#......~)~~~..#


You could see Nikola (inner flame, extremely poisoned, weak-willed).

Vanquished Creatures
  The ghost of bmj180 the Destroyer, a journeyman HuCj of Sif Muna (Lair:1)
  A hydra (D:15)
  An ogre mage (D:15)
  A vault guard (D:14)
  Erolcha (D:9)
  A boulder beetle (D:12)
  2 centaur warriors (D:14)
  2 catoblepae
  15 death yaks
  A tengu warrior (D:14)
  12 two-headed ogres
  Sonja (D:10)
  A deep elf pyromancer (D:14)
  Pikel (D:7)
  2 wolf spiders
  6 cyclopes
  A manticore (D:15)
  12 ugly things
  A black mamba (shapeshifter) (D:14)
  12 elephants
  3 gargoyles
  7 black mambas
  A torpor snail (Lair:5)
  14 cane toads
  A rime drake (D:8)
  8 komodo dragons
  A komodo dragon (shapeshifter) (D:14)
  3 trolls
  3 merfolk
  4 polar bears
  4 hornets
  17 blink frogs
  17 slime creatures
  A jumping spider (Lair:3)
  2 vampires (D:11)
  4 shadows
  2 wraiths
  8 wyverns
  2 humans (D:7)
  39 yaks
  A redback (Lair:5)
  3 basilisks
  A steam dragon (D:8)
  6 vampire mosquitoes
  4 wargs (Orc:2)
  24 water moccasins
  Duvessa (D:5)
  32 orc warriors
  A black bear (D:6)
  2 sky beasts
  7 ice beasts
  9 ogres
  14 wolves
  8 centaurs
  3 lemures (D:7)
  3 kobold brigands
  11 bullfrogs
  3 scorpions
  A gnoll sergeant (Orc:1)
  Dowan (D:5)
  9 killer bees
  A jelly (Lair:4)
  7 orc priests
  A gnoll bouda (D:9)
  2 hounds (D:6)
  4 iguanas
  3 sleepcaps
  30 orc wizards
  Robin (D:2)
  6 gnolls
  15 adders
  2 shadow imps
  4 white imps
  2 worms
  A dart slug (D:4)
  98 orcs
  6 ball pythons
  9 endoplasms
  5 giant cockroaches
  16 goblins
  10 hobgoblins
  25 kobolds
  5 quokkas
  4 bats
  A frilled lizard (D:1)
  3 rats
621 creatures vanquished.

Vanquished Creatures (collateral kills)
  A catoblepas (Lair:1)
  A cyclops (D:14)
  A cane toad (Lair:5)
  A blink frog (Lair:5)
  A yak (Lair:5)
  2 water moccasins (Lair:5)
7 creatures vanquished.

Vanquished Creatures (others)
  A dire elephant (D:15)
  2 vault guards (D:14)
  An ogre mage (D:15)
  A hydra (D:14)
  2 death yaks (Lair:2)
  A two-headed ogre (D:15)
  A death knight (D:14)
  2 orc high priests (Orc:2)
  2 wolf spiders
  A salamander (D:15)
  3 elephants (Lair:5)
  An ice statue (Lair:4)
  A black mamba (Lair:5)
  4 cane toads (Lair:5)
  A hornet (Lair:5)
  A polar bear (Lair:5)
  3 yaks
  2 wyverns (Lair:5)
  A vampire mosquito (D:14)
  A warg (Orc:1)
  2 water moccasins
  An orc warrior (Orc:2)
  An ogre (D:15)
  A centaur (D:13)
  3 jellies (Lair:4)
  An orc wizard (Orc:2)
  6 orcs
  2 endoplasms (Lair:4)
49 creatures vanquished.

Grand Total: 677 creatures vanquished

Notes
Turn   | Place    | Note
-------+----------+-------------------------------------------
     0 | D:1      | Armakuni the Human Wanderer began the quest for the Orb.
     0 | D:1      | Armakuni set off with the following items: a +0 dagger, a
                  | +0 pair of boots, a scroll of fog, a +0 robe, a +2 buckler;
                  | and the following spells available to memorise: Wereblood,
                  | Passwall.
     0 | D:1      | Reached XP level 1. HP: 15/15 MP: 2/2
   202 | D:1      | Reached skill level 1 in Short Blades
   222 | D:1      | Reached XP level 2. HP: 21/21 MP: 3/3
   541 | D:1      | Reached XP level 3. HP: 26/26 MP: 4/4
  1048 | D:2      | Found a glowing golden altar of the Shining One.
  1425 | D:2      | Reached XP level 4. HP: 29/32 MP: 5/5
  1442 | D:2      | Noticed Robin
  1453 | D:2      | Killed Robin
  2093 | D:3      | Found a shadowy altar of Dithmenos.
  2128 | D:3      | Reached XP level 5. HP: 37/37 MP: 6/6
  2985 | D:4      | Found a sacrificial altar of Ru.
  2993 | D:4      | Found a staircase to the Ecumenical Temple.
  3015 | D:4      | Learned a level 1 spell: Apportation
  3018 | D:4      | Learned a level 2 spell: Passwall
  3133 | D:4      | Noticed an ice beast
  3137 | D:4      | Killed an ice beast
  3138 | D:4      | Reached skill level 5 in Short Blades
  3138 | D:4      | Reached XP level 6. HP: 43/43 MP: 7/7
  3315 | D:4      | Found Hatununaos's Armour Boutique.
  3323 | D:4      | Bought a +0 helmet of see invisible for 115 gold pieces
  3522 | D:4      | Found Ranehe's Armour Boutique.
  3540 | D:4      | Found a shimmering blue altar of Sif Muna.
  3668 | D:5      | Entered Level 5 of the Dungeon
  3722 | D:5      | Reached XP level 7. HP: 29/48 MP: 8/8
  4107 | D:5      | Noticed Dowan
  4108 | D:5      | Noticed Duvessa
  4112 | D:5      | Killed Dowan
  4114 | D:5      | Killed Duvessa
  4297 | D:5      | Reached XP level 8. HP: 53/54 MP: 5/9
  4929 | D:6      | Found a shimmering altar of Xom.
  4981 | D:6      | Noticed a hornet
  5003 | D:6      | Killed a hornet
  5079 | D:6      | Reached skill level 10 in Short Blades
  5173 | D:6      | Reached XP level 9. HP: 59/59 MP: 10/10
  5777 | D:7      | Noticed Pikel
  5972 | D:7      | Found a radiant altar of Vehumet.
  5975 | D:7      | Found a hazy altar of Hepliaklqana.
  6003 | D:7      | Found an iron altar of Okawaru.
  6192 | D:7      | Killed Pikel
  6223 | D:7      | Found an opulent altar of Gozag.
  6402 | D:7      | Reached XP level 10. HP: 65/65 MP: 11/11
  6529 | D:7      | Found a basalt altar of Yredelemnul.
  6609 | D:7      | Found a white marble altar of Elyvilon.
  6622 | D:7      | Became a worshipper of Elyvilon the Healer
  7049 | D:8      | Noticed a death yak
  7218 | D:8      | Noticed a death yak
  7349 | D:8      | Noticed a death yak
  7415 | D:7      | Killed a death yak
  7523 | D:7      | Killed a death yak
  7524 | D:7      | Reached skill level 5 in Fighting
  7723 | D:8      | Found a staircase to the Lair.
  8150 | D:8      | Reached XP level 11. HP: 79/79 MP: 12/12
  8261 | D:8      | Reached * piety under Elyvilon
  8425 | D:9      | Found a glowing silver altar of Zin.
  8569 | D:9      | Identified the +5 robe "Botsier" {Str+3}
  8594 | D:9      | Found a burning altar of Makhleb.
  8858 | D:9      | Noticed Erolcha
  8858 | Abyss:2  | Cast into level 2 of the Abyss (Erolcha)
  8879 | D:9      | Escaped the Abyss
  8899 | D:9      | Killed Erolcha
  8900 | D:9      | Reached skill level 5 in Dodging
  8961 | D:9      | Found a staircase to the Orcish Mines.
  9249 | D:9      | Reached ** piety under Elyvilon
  9249 | D:9      | Found a sparkling altar of Nemelex Xobeh.
  9413 | D:10     | Entered Level 10 of the Dungeon
  9426 | D:10     | Noticed Sonja
  9433 | D:10     | Killed Sonja
  9613 | Lair:1   | Entered Level 1 of the Lair of Beasts
  9629 | Lair:1   | Reached skill level 1 in Invocations
  9642 | Lair:1   | Reached skill level 2 in Invocations
  9714 | Lair:1   | Noticed a catoblepas
  9735 | D:8      | Reached skill level 3 in Invocations
  9788 | Lair:1   | Killed a catoblepas
  9789 | Lair:1   | Reached skill level 4 in Invocations
  9908 | D:8      | Reached skill level 5 in Invocations
 10066 | D:8      | Reached skill level 6 in Invocations
 10238 | Lair:1   | Reached skill level 7 in Invocations
 10287 | Lair:1   | Reached XP level 12. HP: 91/91 MP: 17/17
 10306 | Lair:1   | Reached skill level 8 in Invocations
 10308 | Lair:1   | Noticed a catoblepas
 10326 | Lair:1   | Killed a catoblepas
 10583 | Lair:1   | Reached skill level 9 in Invocations
 10782 | Lair:1   | Reached skill level 10 in Invocations
 10912 | Lair:1   | Reached skill level 11 in Invocations
 11569 | Lair:1   | Found a runed translucent gate.
 11569 | Lair:1   | Found a runed translucent gate.
 11569 | Lair:1   | Found a runed translucent gate.
 11570 | Lair:1   | Noticed an 11-headed hydra
 11571 | Lair:1   | Noticed bmj180's ghost (journeyman HuCj)
 11572 | Lair:1   | Noticed a nine-headed hydra
 11697 | Lair:1   | Reached skill level 12 in Invocations
 11942 | Lair:2   | Reached *** piety under Elyvilon
 12014 | Lair:2   | Noticed a death yak
 12014 | Lair:2   | Noticed a death yak
 12015 | Lair:2   | Noticed a death yak
 12027 | Lair:2   | Noticed a death yak
 12059 | Lair:1   | Killed a death yak
 12147 | Lair:2   | Noticed a skyshark
 12150 | Lair:2   | Pacified a skyshark
 12151 | Lair:2   | Reached skill level 13 in Invocations
 12151 | Lair:2   | Reached XP level 13. HP: 96/96 MP: 22/22
 12336 | Lair:2   | Found a staircase to the Shoals.
 12461 | Lair:2   | Reached skill level 14 in Invocations
 12803 | Lair:2   | Paralysed by a hornet for 2 turns
 12895 | Lair:2   | Reached skill level 15 in Invocations
 13219 | Lair:2   | Identified a scroll of acquirement
 13220 | Lair:2   | Acquired 1032 gold pieces
 13619 | Lair:3   | Found an opulent altar of Gozag.
 13731 | Lair:3   | Reached skill level 16 in Invocations
 14046 | Lair:3   | Found a hole to the Spider Nest.
 14149 | Lair:3   | Reached XP level 14. HP: 88/103 MP: 26/26
 14259 | Lair:3   | Reached skill level 17 in Invocations
 14693 | Lair:4   | Found a staircase to the Slime Pits.
 14863 | Lair:4   | Learned a level 2 spell: Lesser Beckoning
 15199 | Lair:4   | Found a transporter.
 15205 | Lair:4   | Noticed a cacodemon
 15235 | Lair:4   | Found a transporter.
 15249 | Lair:4   | Noticed Cesoluadot's ghost (journeyman DsFi)
 15256 | Lair:4   | Found a one-way gate to the infinite horrors of the Abyss.
 15544 | Lair:5   | Entered Level 5 of the Lair of Beasts
 15564 | Lair:5   | Reached skill level 18 in Invocations
 16056 | Lair:5   | Reached skill level 19 in Invocations
 16462 | Lair:5   | Reached skill level 20 in Invocations
 16472 | Lair:5   | Reached XP level 15. HP: 46/110 MP: 1/29
 17952 | Lair:1   | Killed bmj180's ghost
 18142 | Orc:1    | Entered Level 1 of the Orcish Mines
 18265 | Orc:2    | Entered Level 2 of the Orcish Mines
 18278 | Orc:1    | Found Reer's Book Shop.
 18542 | Orc:1    | Noticed an orc warlord
 18546 | Orc:1    | Pacified an orc warlord
 18547 | Orc:1    | Reached skill level 10 in Fighting
 18721 | Orc:2    | Found a staircase to the Elven Halls.
 18777 | Orc:2    | Found Vouh's Antique Weapon Shoppe.
 19710 | Orc:2    | Found Pohul's Weapon Emporium.
 19774 | Orc:2    | Found Malunwi's Jewellery Shoppe.
 20048 | Orc:2    | Noticed an orc warlord
 20050 | Orc:2    | Pacified an orc warlord
 20108 | Orc:2    | Found Juanopoy's Antique Weapon Boutique.
 20121 | Orc:2    | Found Ydaatua's Antique Armour Shop.
 20132 | Orc:2    | Bought an ichor-stained helmet for 228 gold pieces
 20132 | Orc:2    | Identified the +0 helmet of the Armoured One {Will+ Str+3}
                  | (You bought it in a shop on level 2 of the Orcish Mines)
 20132 | Orc:2    | Bought a pair of glowing boots for 180 gold pieces
 20625 | Orc:2    | Bought the ring "Bufeowke" {Wiz rC+ rN+ rCorr Slay+2} for
                  | 933 gold pieces
 20625 | Orc:2    | Bought the ring "Joahiwy" {Ice rElec MP+9 Str-3 Int-2} for
                  | 711 gold pieces
 21480 | D:10     | Found an ornate altar of the Wu Jian Council.
 21532 | D:10     | Reached **** piety under Elyvilon
 21785 | D:11     | Noticed Urug
 21798 | D:11     | Reached skill level 5 in Shields
 21798 | D:11     | Pacified Urug
 24000 | D:14     | Reached ***** piety under Elyvilon
 24085 | D:14     | Found a gate to the Vaults.
 24088 | D:14     | Reached XP level 16. HP: 114/122 MP: 27/30
 25463 | D:13     | Reached skill level 10 in Shields
 26040 | D:15     | Entered Level 15 of the Dungeon
 26780 | D:15     | Found a staircase to the Depths.
 26841 | D:15     | Noticed Kaepny's ghost (journeyman SpBr)
 26842 | D:15     | Identified the ring "Yggeinio" {Will+ rCorr Slay+2}
 26846 | D:15     | Found a transporter.
 26856 | D:15     | Found a bloodstained altar of Trog.
 26862 | D:15     | Found a transporter.
 27645 | D:4      | Bought the +2 shield of Resistance {rF++ rC++ Will++} for
                  | 705 gold pieces
 27645 | D:4      | Found the +2 shield of Resistance {rF++ rC++ Will++}
 27862 | Spider:1 | Entered Level 1 of the Spider Nest
 28073 | Lair:3   | Elyvilon protects you from harm!
 28073 | Lair:3   | HP: 5/122 [redback (3)]
 28399 | Shoals:1 | Entered Level 1 of the Shoals
 28420 | Shoals:1 | Noticed Nikola
 28447 | Shoals:1 | Killed from afar by Nikola

Illustrated notes

Levels and vault maps discovered:
D:1:      dpeg_cavernosity, layout_basic
D:2:      layout_loops_corners, basic_altar, uniq_robin
D:3:      layout_basic, nicolae_dithmenos_the_darkroom
D:4:      layout_basic, marbit_many_paths, mainiacjoe_overflow_brackets,
          minmay_temple_entry_from_below_b, serial_shops,
          nicolae_shop_statue_plus, minmay_shop_grid_forest,
          nicolae_elevator_lobby_asterisk
D:5:      layout_gridville, uniq_duvessa
D:6:      layout_loops_ring, mainiacjoe_overflow_surrounded_room
D:7:      layout_layer_cave, kennysheep_ying_yang, nicolae_overflow_squiral,
          okawaru_humans, nicolae_gozag_seed_capital, uniq_pikel
D:8:      layout_loops_cross, dpeg_lair_monsters, chequers_avenue,
          feat_on_display
D:9:      layout_loops_cross, zin_academy, nemelex_xobeh_ov_fountains_minmay,
          mainiacjoe_overflow_concentric_impassable, uniq_erolcha
D:10:     layout_irregular_city, pdpol_wu_jian_five_deadly_venoms, uniq_sonja
D:11:     layout_rooms, uniq_urug
D:12:     layout_irregular_city, st_stairs_1
D:13:     layout_rooms
D:14:     layout_stronghold, lightli_vaults_fourway_checkpoint,
          chequers_serial_rivers_room_a
D:15:     hangedman_depths_entry_try_elsewhere_first, layout_basic,
          gammafunk_ghost_wrathful_warriors, grunt_decor_junction
Lair:1:   layout_regular_city, gammafunk_ghost_hydra_chop
Lair:2:   minmay_lair_venomous_thicket, layout_hall_layers,
          elwin_shoals_entry_stream, infiniplex_staircase_pool_2,
          grunt_megastairs_3
Lair:3:   layout_misc_corridors, hellmonk_spider_entry_life_and_decay,
          basic_altar, lemuel_fruit_fields
Lair:4:   layout_roguey, nicolae_slime_entry_slimehenge,
          gammafunk_ghost_abyssal_escape, ice2_lemuel
Lair:5:   hangedman_lair_tendril_chambers, layout_misc_corridors
Shoals:1: layout_shoals, uniq_nikola
Spider:1: layout_spider_delve, nicolae_spider_eight_legs
Orc:1:    layout_caves, basic_altar, serial_shops, shop
Orc:2:    grunt_orc_community_town_hall, layout_caves,
          grunt_orc_community_big_house_1, grunt_orc_community_big_house_2,
          grunt_orc_community_house_3, grunt_orc_community_house_3,
          grunt_orc_community_house_3, grunt_orc_community_house_3,
          grunt_orc_community_house_1, grunt_orc_community_house_3,
          serial_shops, nicolae_shop_window_shopping

Skill      XL: |  1  2  3  4  5  6  7  8  9 10 11 12 13 14 15 16 |
---------------+-------------------------------------------------+-----
Short Blades   | 1 2 3 4 5 6 8 10 12 14 | 14.0
Fighting       | 5 7 10 | 10.0
Armour         | 2 3 |  3.0
Dodging        | 3 5 8 |  8.0
Invocations    | 7 13 16 20 | 20.0
Shields        | 7 12 | 12.6
Spellcasting   | |  1.0
Transmutations | |  1.0

Action                     |  1- 3 |  4- 6 |  7- 9 | 10-12 | 13-15 | 16-18 || total
---------------------------+-------+-------+-------+-------+-------+-------++-------
  Melee: Dagger            |    95 |   191 |    15 |    33 |       |       ||   334
         Rapier            |       |     7 |   156 |   611 |  1499 |   446 ||  2719
  Throw: Dart              |       |       |    14 |    13 |     3 |     4 ||    34
   Cast: Apportation       |       |       |       |       |     1 |       ||     1
 Invoke: Heal Other        |       |       |       |     2 |    50 |    18 ||    70
         Purification      |       |       |       |       |     4 |       ||     4
         Heal Self         |       |       |       |       |     1 |     1 ||     2
  Evoke: Wand              |       |     1 |     5 |     4 |    16 |    13 ||    39
         Sack of spiders   |       |       |       |       |       |     1 ||     1
    Use: Scroll            |     2 |     9 |     4 |    10 |    11 |     4 ||    40
         Potion            |       |       |     1 |     6 |     7 |     1 ||    15
   Stab: Sleeping          |     3 |     2 |     1 |       |       |       ||     6
         Distracted        |     1 |       |       |       |     2 |     1 ||     4
         Held in net/web   |       |       |       |       |       |     1 ||     1
 Armour: Robe              |    33 |    58 |     4 |       |       |       ||    95
         Leather armour    |       |       |    56 |   246 |   565 |   203 ||  1070
         Skin              |       |       |     3 |       |       |       ||     3
  Dodge: Dodged            |    33 |    69 |    38 |   208 |   486 |   148 ||   982
  Block: Buckler           |    28 |    53 |    44 |   170 |   394 |   120 ||   809
         Kite shield       |       |       |       |       |       |    29 ||    29

Table legend: (Time is in decaauts)
 A = Elapsed time spent in this place.
 B = Non-inter-level travel time spent in this place.
 C = Inter-level travel time spent in this place.
 D = Time resting spent in this place.
 E = Time spent auto-exploring this place.
 F = Levels seen in this place.
 G = Mean time per level.
                   A        B        C        D        E       F      G
               +--------+--------+--------+--------+--------+-----+--------+
         Total |  27229 |  25630 |   1599 |   5055 |  14145 |  25 | 1089.2 |
       Dungeon |  16646 |  15509 |   1137 |   2276 |   9914 |  15 | 1109.7 |
          Lair |   8098 |   7719 |    379 |   2315 |   3030 |   5 | 1619.6 |
        Shoals |     47 |     47 |      0 |      0 |      0 |   1 |   47.0 |
   Spider Nest |     15 |     15 |      0 |      0 |      0 |   1 |   15.0 |
  Orcish Mines |   2401 |   2321 |     80 |    464 |   1201 |   2 | 1200.5 |
         Abyss |     20 |     20 |      0 |      0 |      0 |   1 |   20.0 |
               +--------+--------+--------+--------+--------+-----+--------+

Top non-repeatable levels by time:
  Lair:1: 2071 daAuts
  Lair:5: 1808 daAuts
    D:14: 1771 daAuts
   Orc:2: 1756 daAuts
     D:7: 1667 daAuts
  Lair:2: 1649 daAuts
     D:8: 1627 daAuts
  Lair:3: 1457 daAuts
    D:15: 1254 daAuts
    D:10: 1162 daAuts
    D:12: 1116 daAuts
  Lair:4: 1111 daAuts
     D:6: 1069 daAuts
     D:2: 1046 daAuts
     D:9: 1043 daAuts
